 Dungeon Crawl Stone Soup version 0.30.0-13-g156ef70053 (webtiles) character file.

Game seed: 7844480691602069495

12 croobank the Magician (level 2, -1/19 HPs)
             Began as a Demonspawn Hedge Wizard on May 17, 2023.
             Was a Follower of Dithmenos.
             Slain by a worm (6 damage)
             ... on level 2 of the Dungeon.
             The game lasted 00:04:30 (904 turns).

croobank the Magician (Demonspawn Hedge Wizard)      Turns: 904, Time: 00:04:31

Health: -1/19      AC:  2    Str: 10    XL:     2   Next: 20%
Magic:  1/6        EV: 12    Int: 15    God:    Dithmenos [*.....]
Gold:   87         SH:  0    Dex: 12    Spells: 4/7 levels left

rFire   . . .        f - +0 short sword
rCold   . . .        (no shield)
rNeg    . . .        b - +0 robe
rPois   .            c - +0 hat
rElec   .            (no cloak)
rCorr   .            (no gloves)
SInv    .            (no boots)
Will    .....        (no amulet)
Stlth   ++           (no ring)
HPRegen 0.23/turn    (no ring)
MPRegen 0.10/turn

%: no passive effects
@: wreathed by umbra
A: foul stench 1
a: Renounce Religion


You were on level 2 of the Dungeon.
You worshipped Dithmenos.
Dithmenos was aware of your devotion.
You visited 1 branch of the dungeon, and saw 2 of its levels.

You collected 87 gold pieces.

Inventory:

Hand Weapons
 a - a +0 dagger
 f - a +0 short sword (weapon)
Missiles
 h - 5 poisoned darts
Armour
 b - a +0 robe (worn)
 c - a +0 hat (worn)
Scrolls
 i - a scroll of teleportation {unknown}
 k - a scroll of noise {unknown}
Potions
 e - a potion of resistance {unknown}
 g - 2 potions of haste {unknown}
 j - a potion of curing {unknown}


   Skills:
 + Level 0.0 Fighting
 + Level 2.0 Dodging
 + Level 2.0 Stealth
 + Level 3.0 Spellcasting
 + Level 1.2 Conjurations
 - Level 1.2 Summonings
 + Level 1.1 Translocations
 + Level 0.0 Invocations


You had 4 spell levels left.
You knew the following spells:

 Your Spells              Type           Power      Damage    Failure   Level
a - Magic Dart            Conj           24%        1d4       12%         1
b - Blink                 Tloc           10%        N/A       19%         2

Your spell library contained the following spells:

 Spells                   Type           Power      Damage    Failure   Level
 Call Imp                 Summ           10%        N/A       19%         2
 Slow                     Hex            8%         N/A       21%         1
 Cigotuvi's Dreadful Rot  Necr/Pois/Air  4%         N/A       30%         2
 Mephitic Cloud           Conj/Pois/Air  3%         N/A       45%         3


Dungeon Overview and Level Annotations

Branches:
Dungeon (2/15)

Altars:
Dithmenos


Innate Abilities, Weirdness & Mutations

You may rarely emit foul miasma when damaged in melee.


Message History

Casting: Magic Dart (safe; 12% risk of failure)
Confirm with . or Enter, or press ? or * to list all spells.
Aiming: Magic Dart (safe; 12% risk of failure)
Press: ? - help, Shift-Dir - straight line, f/p - worm
Aim: a worm (heavily wounded, umbra, 100% to hit)
The magic dart hits the worm.
The worm is severely wounded.
Casting: Magic Dart (safe; 12% risk of failure)
Confirm with . or Enter, or press ? or * to list all spells.
Aiming: Magic Dart (safe; 12% risk of failure)
Press: ? - help, Shift-Dir - straight line, f/p - worm
Aim: a worm (severely wounded, umbra, 100% to hit)
The magic dart hits the worm but does no damage.
The worm is severely wounded.
The worm barely misses you.
Casting: Magic Dart (safe; 12% risk of failure)
Confirm with . or Enter, or press ? or * to list all spells.
Aiming: Magic Dart (safe; 12% risk of failure)
Press: ? - help, Shift-Dir - straight line, f/p - worm
Aim: a worm (severely wounded, umbra, 100% to hit)
The magic dart hits the worm but does no damage.
The worm is severely wounded.
Casting: Magic Dart (safe; 12% risk of failure)
Confirm with . or Enter, or press ? or * to list all spells.
Aiming: Magic Dart (safe; 12% risk of failure)
Press: ? - help, Shift-Dir - straight line, f/p - worm
Aim: a worm (severely wounded, umbra, 100% to hit)
The magic dart hits the worm but does no damage.
The worm is severely wounded.
The worm bites you.
* * * LOW HITPOINT WARNING * * *
Casting: Magic Dart (safe; 12% risk of failure)
Confirm with . or Enter, or press ? or * to list all spells.
Aiming: Magic Dart (safe; 12% risk of failure)
Press: ? - help, Shift-Dir - straight line, f/p - worm
Aim: a worm (severely wounded, umbra, 100% to hit)
The magic dart hits the worm.
The worm is severely wounded.
The worm bites you.
You die...

..... ###........# .....
#..........
.....##.#......###
........#........### .
........#.....#....###..
#....#.....##........
#.†.....###...<.....
##.#....###..w......
##.###......@.......
#..# ##...†.........
#.## #.###..?...... ##.#
#.# #........# #..# #.#
#........# ##.## #.#
#......... #..# #..
#......... #.## ##.
#......... ###.##
######.#.


You could see a worm.

Vanquished Creatures
  A ball python (D:1)
  2 bats
  2 giant cockroaches
  A goblin (D:1)
  A hobgoblin (D:1)
  A kobold (D:1)
  A quokka (D:1)
  A rat (D:1)
10 creatures vanquished.

Notes
Turn   | Place    | Note
-------+----------+-------------------------------------------
     0 | D:1      | croobank the Demonspawn Hedge Wizard began the quest for
                  | the Orb.
     0 | D:1      | Reached XP level 1. HP: 13/13 MP: 4/4
   256 | D:1      | Reached skill level 1 in Translocations
   533 | D:1      | Gained mutation: You may rarely emit foul miasma when
                  | damaged in melee. [demonic ancestry]
   533 | D:1      | Reached XP level 2. HP: 19/19 MP: 0/6
   536 | D:1      | Learned a level 2 spell: Blink
   620 | D:1      | Found a faded altar of an unknown god.
   637 | D:1      | Prayed at the altar of an unknown god.
   637 | D:1      | Became a worshipper of Dithmenos the Shadowed
   637 | D:1      | Reached * piety under Dithmenos
   784 | D:1      | You fall into a shaft and drop 1 floor!
   904 | D:2      | Slain by a worm

Illustrated notes

Levels and vault maps discovered:
D:1:      dpeg_arrival_castle, layout_basic, chequers_ecumenical_altar_island
D:2:      layout_rooms, fountainhead, minmay_diced_spiral

Skill      XL: |  1  2 |
---------------+-------+-----
Translocations | 1 |  1.1
Stealth        | 2 |  2.0
Dodging        | 2 |  2.0
Spellcasting   | |  3.0
Conjurations   | |  1.2
Summonings     | |  1.2

Action                     || total
---------------------------++-------
  Melee: Short sword       ||    20
   Cast: Magic Dart        ||    37
    Use: Potion            ||     1
 Armour: Robe              ||     5
  Dodge: Dodged            ||    17
